 Dungeon Crawl Stone Soup version 0.24-a0-582-g4d4af813a0 (webtiles) character file.

Game seed: 2577584105544610928

99 Mame the Digger (level 4, -2/24 HPs)
             Began as a Gargoyle Earth Elementalist on Aug 27, 2019.
             Killed from afar by a white imp (10 damage)
             ... with a puff of frost
             ... summoned by Natasha
             ... on level 2 of the Dungeon.
             The game lasted 00:06:26 (1226 turns).

Mame the Digger (Gargoyle Earth Elementalist)       Turns: 1226, Time: 00:06:27

Health: -2/24      AC:  5    Str: 12    XL:     4   Next: 72%
Magic:  5/9        EV: 12    Int: 16    God:
Gold:   41         SH:  0    Dex: 10    Spells: 5/9 levels left

rFire    . . .     SeeInvis .   p - +0 flail
rCold    . . .     Gourm    .   (no shield)
rNeg     + . .     Faith    .   c - +0 robe
rPois    ∞         Spirit   .   (no helmet)
rElec    +         Reflect  .   (no cloak)
rCorr    .         Harm     .   (no gloves)
MR       .....                  (no boots)
Stlth    ++........             (no amulet)
HPRegen  0.08/turn              (no ring)
MPRegen  0.11/turn              (no ring)

@: very slightly contaminated, slowed, very slow
A: negative energy resistance 1, electricity resistance, unbreathing,
petrification resistance, rot immunity, AC +3
a: no special abilities


You were on level 2 of the Dungeon.
You were not hungry.

You visited 1 branch of the dungeon, and saw 2 of its levels.

You collected 41 gold pieces.

Inventory:

Hand Weapons
 g - a +0 short sword
 p - a +0 flail (weapon)
Missiles
 b - 19 stones (quivered)
Armour
 c - a +0 robe (worn)
Wands
 n - a wand of random effects (10)
Scrolls
 a - 2 scrolls of remove curse {unknown}
 e - a scroll of fog {unknown}
 h - a scroll of teleportation {unknown}
 i - a scroll of identify {unknown}
 j - a scroll of enchant armour {unknown}
 l - a scroll of noise {unknown}
Potions
 f - a potion of haste {unknown}
 k - a potion of curing {unknown}
 o - 2 potions of lignification {unknown}
Comestibles
 d - 4 rations
 m - 4 chunks of flesh


   Skills:
 - Level 1.5 Dodging
 - Level 2.1 Stealth
 * Level 3.4 Spellcasting
 + Level 1.3 Conjurations
   Level 0.7 Transmutations
 + Level 4.8 Earth Magic


You had 5 spell levels left.
You knew the following spells:

 Your Spells              Type           Power        Failure   Level  Hunger
a - Sandblast             Erth           ###...       2%          1    None
b - Stone Arrow           Conj/Erth      ##....       16%         3    ###....

Your spell library contained the following spells:

 Spells                   Type           Power        Failure   Level  Hunger
 Passwall                 Tmut/Erth      ##......     9%          2    ##.....
 Petrify                  Tmut/Erth      ##......     50%         4    ####...
 Lee's Rapid Deconstruct  Erth           ###.......   56%         5    ######.


Dungeon Overview and Level Annotations

Branches:
Dungeon (2/15)

Altars:

Annotations:
D:2 Natasha


Innate Abilities, Weirdness & Mutations

You are resistant to torment.
Your stone body is resilient. (AC +3)
You are immune to poison.
You resist negative energy. (rN+)
You are resistant to electric shocks. (rElec)
You can survive without breathing.
You are immune to petrification.
You are immune to rotting.


Message History

Casting: Stone Arrow (safe; 16% risk of failure)
Confirm with . or Enter, or press ? or * to list all spells.
Aiming: Sandblast (safe; 2% risk of failure)
Press: ? - help, Shift-Dir - straight line, f/p - Natasha
Aim: Natasha, carrying a wand of flame (21)
The blast of sand hits the white imp but does no damage.
b - 19 stones Natasha mumbles some strange words.
The white imp hits you. The white imp freezes you.
* * * LOW HITPOINT WARNING * * *
Natasha howls an incantation.
You feel disoriented.
Some of the chunks of flesh in your inventory have rotted away.
A goblin comes into view. It is wielding a -1 club.
Natasha casts a spell.
The white imp closely misses you.
The goblin moves out of view.
The white imp closely misses you. The white imp gestures at you.
The puff of frost hits you!
You die...

......... ### #.....# #..
##.#####.....#...
.#..###.......5...<<...
.........#.###.........
.....##..55# #.........
+............#h# #.........
#..#.#.##.#..#5######+#....
#..#.#.##....#..@..........
#..#.#.###...#.######.#....
.................. ..
........).........
...............##..
.......†)..........
....##.###.#.####...
..÷.##.# #.#.# ..
....##.###.#..


You could see a white imp.

Vanquished Creatures
  Jessica (D:2)
  3 gnolls (D:2)
  A worm (D:2)
  A dart slug (D:2)
  A leopard gecko (D:1)
  4 bats
  A giant cockroach (D:1)
  4 goblins
  3 hobgoblins (D:1)
  4 jackals (D:2)
  10 kobolds
  A quokka (D:2)
  A ball python (D:2)
  A frilled lizard (D:1)
  3 rats (D:1)
39 creatures vanquished.

Notes
Turn   | Place    | Note
-------+----------+-------------------------------------------
     0 | D:1      | Mame the Gargoyle Earth Elementalist began the quest for
                  | the Orb.
     0 | D:1      | Reached XP level 1. HP: 10/10 MP: 3/3
   315 | D:1      | Reached XP level 2. HP: 6/15 MP: 0/5
   507 | D:1      | Reached skill level 4 in Earth Magic
   838 | D:2      | Reached XP level 3. HP: 19/19 MP: 6/6
   844 | D:2      | Learned a level 3 spell: Stone Arrow
   972 | D:2      | Noticed Jessica
   982 | D:2      | Killed Jessica
   982 | D:2      | Reached XP level 4. HP: 24/24 MP: 6/8
   999 | D:2      | Reached skill level 1 in Conjurations
  1209 | D:2      | Noticed Natasha
  1226 | D:2      | Killed from afar by a white imp

Levels and vault maps discovered:
D:1:      tarquinn_simple_flora_water_e, layout_rooms
D:2:      layout_basic, minmay_divided_ellipse, uniq_natasha, uniq_jessica

Skill      XL: |  1  2  3  4 |
---------------+-------------+-----
Earth Magic    | 4 |  4.8
Spellcasting   | 3 |  3.4
Conjurations   | 1 |  1.3
Dodging        | |  1.5
Stealth        | |  2.1
Transmutations | |  0.7

Action                   |  1- 3 |  4- 6 || total
-------------------------+-------+-------++-------
Melee: Unarmed           |    29 |       ||    29
       Short sword       |    24 |    22 ||    46
 Cast: Sandblast         |    25 |    12 ||    37
  Eat: Chunk             |     1 |       ||     1
Armor: Robe              |    16 |     7 ||    23
Dodge: Dodged            |    35 |    25 ||    60

Table legend:
 A = Non-vault XP
 B = Vault XP
 C = Vault XP percentage of total XP
 D = Non-vault monster count
 E = Vault monster count
 F = Vault count percentage of total count
                 A         B        C        D         E       F
            +---------+---------+-------+---------+---------+-------
      Total |     105 |      37 |  26.1 |      38 |       1 |   2.6
            +---------+---------+-------+---------+---------+-------
        D:1 |      32 |       0 |   0.0 |      20 |       0 |   0.0
        D:2 |      73 |      37 |  33.6 |      18 |       1 |   5.3
            +---------+---------+-------+---------+---------+-------
